 Dungeon Crawl Stone Soup version 0.28.0-53-g5a82cb258f (webtiles) character file.

Game seed: 13420010064014685005

25790 bwicke the Slicer (level 12, -1/64 HPs)
             Began as a Spriggan Transmuter on Aug 9, 2022.
             Was a Follower of Yredelemnul.
             Slain by an elephant (8 damage)
             ... on level 2 of the Lair of Beasts on Aug 10, 2022.
             The game lasted 01:18:09 (14956 turns).

bwicke the Slicer (Spriggan Transmuter)            Turns: 14956, Time: 01:18:11

Health: -1/64      AC: 15    Str:  6    XL:     12   Next: 92%
Magic:  19/19      EV: 26    Int: 14    God:    Yredelemnul [*.....]
Gold:   548        SH:  0    Dex: 19    Spells: 15/16 levels left

rFire   + . .      SeeInvis +   r - +8 rapier "Newtbane" {venom, rF+ rC+ rN+ Int-2}
rCold   + . .      Faith    .   (no shield)
rNeg    + . .      Spirit   .   E - +2 steam dragon scales
rPois   .          Reflect  .   (helmet currently unavailable)
rElec   .          Harm     .   (no cloak)
rCorr   .          Rampage  .   (gloves unavailable)
Will    ++...                   (boots unavailable)
Stlth   +++++.....              k - amulet of magic regeneration
HPRegen 0.20/turn               H - +4 ring of protection
MPRegen 0.56/turn               P - +4 ring of protection

@: appendages (expiring), invisible, very quick
A: horns 2, talons 2, very small, no large weapons, unfitting armour, see
invisible, speed 3
a: End Transformation, Renounce Religion, Recall Undead Harvest


You were on level 2 of the Lair of Beasts.
You worshipped Yredelemnul.
Yredelemnul was aware of your devotion.
You had temporarily grown beastly horns and talons.
You visited 3 branches of the dungeon, and saw 14 of its levels.

You collected 548 gold pieces.

Inventory:

Hand Weapons
 b - a +0 vampiric hand axe
 c - a +3 shortbow of freezing
 i - a +0 mace of draining
 n - a +3 scimitar of flaming
 p - a +4 vampiric dagger
 r - the +8 rapier "Newtbane" (weapon) {venom, rF+ rC+ rN+ Int-2}
   (You found it on level 4 of the Dungeon)

   It poisons the flesh of those it strikes.
   Int:       It affects your intelligence (-2).
   rF:        It protects you from fire.
   rC:        It protects you from cold.
   rN:        It protects you from negative energy.
 t - a +2 dagger of speed
 w - a +2 vorpal hand axe
 A - a +2 flail of draining
 C - a +4 whip
 J - a +2 dagger of distortion
 N - a +4 falchion of freezing
 V - a +2 spear of flaming
Missiles
 h - 33 poisoned darts
 j - 3 silver boomerangs
 q - 186 arrows
Armour
 u - a +1 robe of positive energy
 E - +2 steam dragon scales (worn)
 K - a +1 robe of willpower
 R - a +2 hat (melded)
 U - a +0 buckler
Magical Staves
 y - a staff of death
Jewellery
 e - the amulet "Wace" {Reflect *Corrode rElec rC+++ Dex-4 SH+5}
   (You found it on level 10 of the Dungeon)

   [amulet of reflection]

   It reflects blocked missile attacks.
   Dex:       It affects your dexterity (-4).
   rC:        It renders you almost immune to cold.
   rElec:     It insulates you from electricity.
   *Corrode:  It may corrode you when you take damage.
   SH:        It affects your SH (+5).
 k - an amulet of magic regeneration (around neck)
 H - a +4 ring of protection (left hand)
 P - a +4 ring of protection (right hand)
Wands
 G - a wand of polymorph (6)
 O - a wand of flame (2)
 W - a wand of iceblast (6)
Scrolls
 d - a scroll of torment
 g - 5 scrolls of teleportation
 l - 2 scrolls of fear
 m - 2 scrolls of immolation
 o - 2 scrolls of vulnerability
 s - 4 scrolls of silence
 z - 2 scrolls of magic mapping
 I - a scroll of holy word
 L - a scroll of blinking
Potions
 a - 2 potions of haste {unknown}
 f - 7 potions of curing
 v - a potion of attraction
 x - 2 potions of brilliance {unknown}
 B - 3 potions of invisibility
 D - 2 potions of magic {unknown}
 F - a potion of flight {unknown}
 S - 2 potions of mutation {unknown}
 T - 2 potions of lignification {unknown}


   Skills:
 - Level 8.1 Fighting
 - Level 14.0 Short Blades
 + Level 3.5 Bows
 - Level 12.0 Dodging
 - Level 12.2 Stealth
 - Level 2.4 Unarmed Combat
 - Level 2.6 Spellcasting
 - Level 6.0 Transmutations
 - Level 9.2 Invocations


You had 15 spell levels left.
You knew the following spells:

 Your Spells              Type           Power      Damage    Failure   Level
a - Beastly Appendage     Tmut           36%        N/A       1%          1

Your spell library contained the following spells:

 Spells                   Type           Power      Damage    Failure   Level
 Wereblood                Tmut           18%        N/A       2%          2
 Spider Form              Tmut/Pois      10%        N/A       19%         3
 Magic Dart               Conj           4%         1d3       22%         1
 Scorch                   Fire           2%         2d5       32%         2
 Searing Ray              Conj           2%         2d4       32%         2
 Dazzling Flash           Conj/Hex       2%         N/A       54%         3
 Gell's Gravitas          Tloc           1%         N/A       54%         3
 Lesser Beckoning         Tloc           1%         N/A       54%         3
 Stone Arrow              Conj/Erth      2%         3d7       54%         3
 Teleport Other           Tloc           1%         N/A       54%         3
 Ice Form                 Ice/Tmut       10%        N/A       54%         4
 Animate Armour           Summ/Erth      2%         N/A       91%         4
 Flame Wave               Conj/Fire      1%         2d4       91%         4
 Fulminant Prism          Conj/Hex       0%         3d6       91%         4
 Agony                    Necr           1%         N/A       99%         5
 Silence                  Hex/Air        0%         N/A       99%         5
 Summon Cactus Giant      Summ           0%         N/A       100%        6
 Lehudib's Crystal Spear  Conj/Erth      0%         10d2      100%        8


Dungeon Overview and Level Annotations

Branches:
Dungeon (11/15)            Temple (1/1) D:5            Lair (2/6) D:11
    Orc (0/2) D:11
  Swamp: Lair:2-4    Shoals: Lair:2-4     Snake: Lair:2-4    Spider: Lair:2-4

Altars:
Ashenzari
Cheibriados
Dithmenos
Elyvilon
Fedhas
Gozag
Hepliaklqana
Kikubaaqudgha
Makhleb
Nemelex Xobeh
Okawaru
Qazlal
Ru
Sif Muna
Trog
Uskayaw
Vehumet
Wu Jian
Xom
Yredelemnul
Zin
The Shining One

Shops:
D:1 *   D:2 (

Annotations:
D:5 2 transporters, XVortexX's ghost, novice NaTm


Innate Abilities, Weirdness & Mutations

You have temporarily grown beastly horns and talons.
You are very small and have problems with some larger weapons.
You are too small for most types of armour.
You have supernaturally acute eyesight. (SInv)
You cover ground extremely quickly. (Speed+++)


Message History

You strike the helpless death yak from behind!
You impale the death yak!!
You claw the death yak, but do no damage.
The death yak is almost dead.
Your surroundings suddenly seem different. 6 elephants come into view.
The elephant trumpets!
Your transformation is almost over.
You strike the helpless elephant from behind!
You perforate the elephant like a sieve!!!
The elephant looks as sick as possible!
The elephant trumpets! x5
You claw the elephant.
You headbutt the elephant, but do no damage.
The elephant is severely wounded.
You feel a bit more experienced. The elephant misses you.
The elephant closely misses you.
Your Bows skill increases to level 3!
You puncture the elephant!
The elephant looks as sick as possible!
The elephant is severely wounded.
You hit the elephant.
The elephant trumpets!
You claw the elephant, but do no damage.
You headbutt the elephant.
The elephant is almost dead.
The elephant completely misses you. The elephant misses you.
The elephant trumpets!
You hit the elephant.
The elephant looks as sick as possible!
You headbutt the elephant.
You kill the elephant!
A black mist starts to gather...
The elephant trumpets! x2
You strike the helpless elephant from behind!
You impale the elephant!!
The elephant looks as sick as possible!
You claw the elephant, but do no damage.
The elephant is heavily wounded.
The elephant trumpets!
The elephant completely misses you. x2; The elephant tramples you!
You die...
Your body rises from the dead as a mindless zombie.

# # ##......# #
#.......# # ##.......# #
#........# # #.......# #
## ##..Y...### ##
#P###...YYY...## .#
#....Z..@Y...... ##
#...............
##............... ####
#................ ##.Y#
#.................
#Y#Y#P...........#######
YY#.............P#
.Y.............###
..............##


You could see 5 elephants and a friendly elephant zombie.

Vanquished Creatures
  A boulder beetle (D:8)
  Erica (D:10)
  3 two-headed ogres (D:10)
  A death yak (Lair:2)
  A deep troll (D:10)
  2 manticores
  Joseph (Lair:1)
  An elephant (Lair:2)
  2 cane toads
  An unseen horror (D:10)
  A troll (D:10)
  3 hornets
  Grinder (D:3)
  2 shadows
  3 vampires
  33 yaks
  3 wyverns
  A basilisk (Lair:1)
  A steam dragon (D:9)
  An acid dragon (D:10)
  Duvessa (D:7)
  4 water moccasins
  8 orc warriors
  4 sky beasts
  2 ice beasts (D:6)
  A black bear (D:5)
  An ogre (D:6)
  5 centaurs
  4 phantoms
  3 kobold brigands
  6 bullfrogs
  A gnoll sergeant (D:9)
  3 scorpions
  2 water moccasin zombies
  Dowan (D:7)
  11 killer bees
  3 wights (D:7)
  6 howler monkeys
  A bullfrog zombie (D:6)
  4 centaur zombies
  9 orc priests
  2 bullfrog skeletons
  A centaur skeleton (D:7)
  A hound (D:6)
  A jelly (D:8)
  A scorpion zombie (D:5)
  Jessica (D:3)
  2 iguanas
  8 orc wizards
  2 howler monkey zombies
  9 gnolls (D:9)
  A howler monkey skeleton (D:7)
  7 adders
  A river rat (D:4)
  A shadow imp (D:6)
  A white imp (D:7)
  An ufetubus (D:5)
  2 worms
  2 dart slugs
  46 orcs
  8 ball pythons
  5 bats
  4 endoplasms
  5 giant cockroaches
  11 goblins
  8 hobgoblins
  2 jackals (D:1)
  A quokka (D:1)
  4 frilled lizards
  17 kobolds
  12 rats
310 creatures vanquished.

Vanquished Creatures (collateral kills)
  Gastronok (D:8)
  A two-headed ogre (D:10)
  A cyclops (D:10)
  An oklob plant (Lair:1)
  A hornet (D:10)
  A troll (D:11)
  4 yaks
  2 water moccasins
  An orc warrior (D:9)
  An ice beast (D:6)
  2 sky beasts
  2 black bears
  A necrophage (D:6)
  A centaur (D:6)
  A bullfrog (D:6)
  A scorpion (D:6)
  A gnoll sergeant (D:9)
  A killer bee (D:10)
  2 wights (D:7)
  A hound (D:6)
  A centaur skeleton (D:6)
  An orc wizard (D:9)
  A gnoll (D:9)
  An adder (D:6)
  3 orcs
  2 goblins (D:6)
36 creatures vanquished.

Vanquished Creatures (others)
  A two-headed ogre zombie (D:10)
  A hornet zombie (D:10)
  A manticore zombie (D:10)
  5 yak zombies
  A spectral ice beast (D:6)
  2 bullfrog zombies
  A black bear zombie (D:6)
  2 centaur zombies
  A scorpion zombie (D:6)
  3 killer bee zombies (D:9)
  An acid dragon zombie (D:10)
  A sky beast zombie (D:7)
  A kobold zombie (D:10)
  A hound zombie (D:6)
  4 howler monkey zombies
  An elf zombie (D:7)
  An adder zombie (D:6)
  2 gnoll zombies (D:9)
  A goblin zombie (D:6)
  11 orc zombies
  6 fungi
  12 plants (Lair:1)
60 creatures vanquished.

Grand Total: 406 creatures vanquished

Notes
Turn   | Place    | Note
-------+----------+-------------------------------------------
     0 | D:1      | bwicke the Spriggan Transmuter began the quest for the Orb.
     0 | D:1      | Reached XP level 1. HP: 9/9 MP: 5/5
    65 | D:1      | Found Galito Elof's General Store.
   648 | D:1      | Reached XP level 2. HP: 8/14 MP: 4/6
  1923 | D:2      | Reached XP level 3. HP: 12/17 MP: 6/8
  2264 | D:2      | Found Fodelob's Antique Weapon Boutique.
  2279 | D:2      | Reached skill level 5 in Dodging
  3242 | D:3      | Found a faded altar of an unknown god.
  3699 | D:3      | Reached XP level 4. HP: 21/21 MP: 9/9
  3757 | D:3      | Noticed Grinder
  3772 | D:3      | Paralysed by Grinder for 7 turns
  3790 | D:3      | Killed Grinder
  3791 | D:3      | Reached XP level 5. HP: 24/25 MP: 10/10
  3791 | D:3      | Reached XP level 6. HP: 28/29 MP: 11/11
  3854 | D:3      | Noticed Jessica
  3866 | D:3      | Killed Jessica
  3867 | D:3      | Reached skill level 1 in Stealth
  4575 | D:3      | Reached skill level 5 in Stealth
  4772 | D:4      | Identified the +8 rapier "Newtbane" {venom, rF+ rC+ rN+
                  | Int-2}
  5051 | D:4      | Reached skill level 1 in Short Blades
  5080 | D:4      | Reached XP level 7. HP: 29/32 MP: 12/12
  5107 | D:4      | Reached skill level 2 in Short Blades
  5156 | D:4      | Reached skill level 3 in Short Blades
  5594 | D:5      | Entered Level 5 of the Dungeon
  5603 | D:5      | Reached skill level 4 in Short Blades
  5615 | D:5      | Reached skill level 11 in Short Blades
  5615 | D:5      | Reached XP level 8. HP: 36/37 MP: 13/13
  5617 | D:5      | Found a transporter.
  5787 | D:5      | Found a staircase to the Ecumenical Temple.
  5793 | Temple   | Entered the Ecumenical Temple
  5938 | Temple   | Became a worshipper of Yredelemnul the Dark
  6031 | D:5      | Reached skill level 12 in Short Blades
  6068 | D:5      | Noticed a hornet
  6069 | D:5      | Found a transporter.
  6069 | D:5      | Noticed XVortexX's ghost (novice NaTm)
  6509 | D:6      | Reached * piety under Yredelemnul
  6641 | D:6      | Reached XP level 9. HP: 35/40 MP: 14/14
  6642 | D:6      | Reached ** piety under Yredelemnul
  6732 | D:6      | Found an iron altar of Okawaru.
  6844 | D:6      | Reached *** piety under Yredelemnul
  7071 | D:6      | Reached skill level 13 in Short Blades
  7107 | D:6      | HP: 1/40 [orc warrior/+0 dire flail (10)]
  8154 | D:7      | Reached skill level 14 in Short Blades
  8154 | D:7      | Reached skill level 1 in Fighting
  8375 | D:7      | Reached XP level 10. HP: 46/46 MP: 15/15
  8399 | D:7      | Found a blossoming altar of Fedhas.
  8403 | D:7      | Noticed Dowan
  8410 | D:7      | Noticed Duvessa
  8421 | D:7      | Killed Duvessa
  8431 | D:7      | Killed Dowan
  8442 | D:7      | Identified the +6 ring mail of the Many Wonders {rF- rN+++
                  | Regen+ Dex+5}
  8756 | D:7      | Found a hazy altar of Hepliaklqana.
  8767 | D:7      | Your ally Dowan died
  9016 | D:8      | Noticed a boulder beetle
  9018 | D:8      | Found an ancient bone altar of Kikubaaqudgha.
  9020 | D:8      | Found a burning altar of Makhleb.
  9030 | D:8      | Killed a boulder beetle
  9039 | D:8      | Noticed a manticore
  9066 | D:8      | Killed a manticore
  9067 | D:8      | Reached skill level 5 in Transmutations
  9401 | D:8      | Reached skill level 1 in Invocations
  9444 | D:8      | Noticed Gastronok
  9457 | D:8      | Reached **** piety under Yredelemnul
  9470 | D:8      | Killed Gastronok
 10024 | D:9      | Reached XP level 11. HP: 52/52 MP: 16/16
 10031 | D:9      | Reached skill level 5 in Invocations
 10411 | D:9      | Identified the +2 chain mail of the Forsaken Priests
                  | {+Blink Stlth+}
 10704 | D:10     | Entered Level 10 of the Dungeon
 10899 | D:10     | Noticed a two-headed ogre
 10902 | D:10     | Noticed a two-headed ogre
 10903 | D:10     | Killed a two-headed ogre
 10939 | D:10     | Killed a two-headed ogre
 11372 | D:10     | Noticed a deep troll
 11385 | D:10     | Killed a deep troll
 11389 | D:10     | Identified the amulet "Wace" {Reflect *Corrode rElec rC+++
                  | Dex-4 SH+5}
 11530 | D:10     | Reached skill level 10 in Dodging
 11635 | D:10     | Noticed Erica
 11635 | D:10     | Noticed a two-headed ogre
 11648 | D:10     | Killed Erica
 11657 | D:10     | Killed a two-headed ogre
 11765 | D:10     | Found a hide-covered altar of Uskayaw.
 11822 | D:10     | Reached XP level 12. HP: 48/56 MP: 19/19
 12175 | D:10     | Noticed a two-headed ogre
 12198 | D:10     | Killed a two-headed ogre
 12732 | D:11     | Found a staircase to the Orcish Mines.
 12764 | D:11     | Reached skill level 5 in Fighting
 12987 | D:11     | Found a staircase to the Lair.
 13112 | D:11     | Found an opulent altar of Gozag.
 13669 | Lair:1   | Entered Level 1 of the Lair of Beasts
 13899 | Lair:1   | Noticed Joseph
 13902 | Lair:1   | Killed Joseph
 14322 | Lair:1   | Found a blossoming altar of Fedhas.
 14872 | Lair:2   | Reached skill level 1 in Bows
 14918 | Lair:2   | Noticed a death yak
 14919 | Lair:2   | Noticed a death yak
 14921 | Lair:2   | Noticed a death yak
 14922 | Lair:2   | Noticed a death yak
 14922 | Lair:2   | Noticed a death yak
 14922 | Lair:2   | Noticed a death yak
 14951 | Lair:2   | Killed a death yak
 14956 | Lair:2   | Slain by an elephant

Illustrated notes

Levels and vault maps discovered:
D:1:      evilmike_arrival_crescent, layout_basic, serial_shops, shop_statue,
          minmay_misc_feat_chi, roderic_filled_cross, nrook_mini_backslash
D:2:      layout_basic, serial_shops, nicolae_shop_crystal
D:3:      minmay_razor_zed, layout_loops_ring, ebering_ecumenical_altar_mist,
          uniq_grinder, uniq_jessica
D:4:      layout_basic, portal_sewer_entry_e
D:5:      layout_rooms, minmay_temple_entry_fiery, gammafunk_ghost_arena
D:6:      layout_loops_corners, kennysheep_okawaru_gauntlet,
          minmay_joined_circles
D:7:      layout_basic, mainiacjoe_overflow_small_starburst,
          mainiacjoe_overflow_cross_hatched, minivault_23, uniq_duvessa
D:8:      layout_basic, grunt_temple_overflow_open, nicolae_sextant,
          dk_vineyard_3, uniq_gastronok
D:9:      layout_rooms
D:10:     nzn_winding_woodlands_cross [nzn_winding_woodlands_5x15_eye,
          nzn_winding_woodlands_5x15_cabin,
          nzn_winding_woodlands_5x15_split_checker,
          nzn_winding_woodlands_5x15_longhouse,
          nzn_winding_woodlands_15x15_boxy_spiral], layout_stronghold,
          mainiacjoe_overflow_tiny_flanked, uniq_erica
D:11:     layout_loops_ring, lair_entry_dummy, david_orc_2,
          grunt_gozag_breadcrumbs
Temple:   regret_index_temple_sphere_string
Lair:1:   layout_roguey, tgw_fedhas, uniq_joseph
Lair:2:   layout_hall_layers, infiniplex_staircase_pool_2, uniq_fannar

Skill      XL: |  1  2  3  4  5  6  7  8  9 10 11 12 |
---------------+-------------------------------------+-----
Dodging        | 3 4 5 8 11 12 | 12.0
Stealth        | 5 12 | 12.2
Short Blades   | 1 11 12 14 | 14.0
Fighting       | 2 3 8 |  8.1
Transmutations | 6 |  6.0
Invocations    | 4 9 |  9.2
Bows           | 3 |  3.5
Unarmed Combat | |  2.4
Spellcasting   | |  2.6

Action                   |  1- 3 |  4- 6 |  7- 9 | 10-12 || total
-------------------------+-------+-------+-------+-------++-------
Melee: Dagger            |   116 |    84 |       |     9 ||   209
       Headbutt          |    25 |    18 |    26 |    15 ||    84
       Short sword       |     7 |       |       |       ||     7
       Unarmed           |     5 |       |       |       ||     5
       Kick              |    37 |    34 |    31 |    25 ||   127
       Punch             |     1 |     1 |     3 |    30 ||    35
       Rapier            |       |    12 |   173 |   770 ||   955
 Fire: Shortbow          |       |    10 |       |       ||    10
Throw: Boomerang         |     5 |     4 |     1 |       ||    10
       Dart              |       |       |     2 |     1 ||     3
 Cast: Beastly Appendage |    33 |    17 |    26 |     7 ||    83
Invok: Dark Bargain      |       |       |     3 |     2 ||     5
       Recall Undead Har |       |       |     2 |    19 ||    21
Evoke: Wand              |       |       |       |     9 ||     9
  Use: Scroll            |    11 |     3 |     7 |     7 ||    28
       Potion            |       |     2 |     1 |     2 ||     5
 Stab: Sleeping          |     4 |     2 |    12 |    22 ||    40
       Invisible         |       |     3 |       |     4 ||     7
       Distracted        |       |       |     2 |     8 ||    10
Armor: Robe              |     5 |     8 |     3 |       ||    16
       Steam dragon scal |       |       |     5 |    84 ||    89
Dodge: Dodged            |    88 |   136 |   105 |   469 ||   798
